AoeStats
← christar123 ten

Arena

509432144Analyzed
2v2 RM · 6d ago on Sep 26, 2026· 45m 24s· 4 players
Game mode
Random Map
Map size
Medium (4 player)
Population
200
Speed
Normal
Resources
Standard
Victory
Conquest
Starting age
Dark Age
Ending age
Imperial Age
RankedLock teamsTeams togetherTeam positionsShared explorationLock speedFull tech treeHidden civsTurbo modeCheats
Victory
Defeat
🇨🇿 Aztecs · Czechia
1384
+16
🇩🇪 Byzantines · Germany
1382
+16
🇬🇧 Danes · United Kingdom
1458
-19
🇬🇧 Wei · United Kingdom
1309
-13
Fapoleon
10:42 Feudal Age
16:20 Castle Age
14:55 Double-Bit Axe
17:22 Bow Saw
18:06 Light Cavalry
23:56 Wheelbarrow
24:21 Stone Mining
29:33 Imperial Age
26:49 Loom
27:19 Hand Cart
27:17 Horse Collar
27:31 Gold Mining
28:30 Heavy Plow
29:38 Forging
29:33 Scale Barding Armor
31:29 Two-Man Saw
29:54 Heavy Camel Rider
30:38 Husbandry
31:47 Chemistry
32:23 Iron Casting
33:39 Crop Rotation
33:12 Fletching
34:22 Conscription
34:43 Chain Barding Armor
34:18 Hussar
36:14 Plate Barding Armor
36:04 Ballistics
37:40 Elite Cataphract
38:47 Bodkin Arrow
38:54 Scale Mail Armor
38:57 Greek Fire
Marshanal Murat
11:45 Feudal Age
15:17 Castle Age
16:48 Double-Bit Axe
16:43 Horse Collar
17:08 Gold Mining
19:51 Heavy Plow
23:49 Sanctity
24:24 Redemption
25:03 Fervor
24:25 Pikeman
25:51 Loom
26:45 Wheelbarrow
26:25 Devotion
26:21 Herbal Medicine
32:54 Imperial Age
31:34 Atonement
32:37 Hand Cart
32:23 Scale Mail Armor
32:34 Forging
35:31 Block Printing
35:41 Illumination
35:51 Theocracy
34:43 Capped Ram
34:53 Elite Skirmisher
35:34 Town Watch
35:43 Town Watch
36:37 Gold Shaft Mining
36:13 Bow Saw
36:34 Crop Rotation
35:55 Stone Mining
37:39 Squires
37:02 Elite Jaguar Warrior
38:05 Garland Wars
38:05 Conscription
41:52 Town Patrol
christar123 ten
9:59 Feudal Age
11:46 Double-Bit Axe
14:03 Castle Age
12:05 Horse Collar
15:05 Double-Bit Axe
16:23 Bow Saw
18:34 Loom
19:35 Wheelbarrow
18:49 Loom
20:46 Heavy Plow
22:04 Stone Mining
24:13 Hand Cart
29:05 Imperial Age
27:46 Fletching
28:37 Scale Mail Armor
29:15 Elite Jomsviking
30:19 Chain Mail Armor
30:52 Forging
30:07 Onager
31:39 Squires
32:11 Plate Mail Armor
32:13 Gold Mining
32:01 Hamask
33:22 Siege Engineers
34:15 Iron Casting
35:43 Conscription
36:24 Blast Furnace
35:43 Siege Onager
37:40 Siege Onager
42:20 Northmen's Fury
43:30 Devotion
TwoCaribou78588
7:02 Loom
9:22 Feudal Age
10:11 Double-Bit Axe
16:58 Castle Age
14:55 Horse Collar
16:25 Forging
18:08 Bow Saw
19:59 Gold Mining
20:00 Stone Mining
23:02 Wheelbarrow
22:30 Heavy Plow
23:06 Gold Shaft Mining
23:07 Stone Shaft Mining
24:41 Hand Cart
29:22 Imperial Age
27:11 Scale Barding Armor
27:13 Town Watch
27:30 Light Cavalry
28:50 Iron Casting
29:18 Bloodlines
29:31 Chain Barding Armor
31:42 Blast Furnace
31:46 Crop Rotation
31:51 Husbandry
31:48 Hussar
34:30 Ming Guang Armor
36:00 Town Patrol
36:46 Fletching
39:00 Elite Tiger Cavalry
42:07 Bodkin Arrow
42:51 Bracer
Connection lost

Rejoining the realm…

Still unreachable

The connection could not be restored.

Session expired

The server has moved on; the page needs a fresh start.